 Dungeon Crawl Stone Soup version 0.22.1-2-g9c5b331 (webtiles) character file.

9522 dvd the Covert (level 11, -7/55 (56) HPs)
             Began as a Spriggan Assassin on Jan 4, 2019.
             Was a Priest of Dithmenos.
             Killed from afar by a fire giant (23 damage)
             ... with a bolt of fire
             ... on level 10 of the Dungeon.
             The game lasted 00:53:59 (11836 turns).

dvd the Covert (Spriggan Assassin)                 Turns: 11836, Time: 00:53:59

HP:   -7/55 (56)    AC: 10    Str: 12      XL:     11   Next: 24%
MP:   19/19         EV: 22    Int: 14      God:    Dithmenos [***...]
Gold: 512           SH:  9    Dex: 17 (18) Spells: 16/22 levels left

rFire    + . .     SeeInvis +   b - +0 blowgun
rCold    + . .     Gourm    .   s - +3 buckler {AC+3}
rNeg     . . .     Faith    +   L - +2 robe "Buda" {Str+3}
rPois    .         Spirit   .   (helmet restricted)
rElec    .         Reflect  .   A - +2 cloak {MR+}
rCorr    .         Harm     .   (gloves unavailable)
MR       ++...                  (boots unavailable)
Stlth    +++++++...             H - amulet of faith
HPRegen  0.18/turn              S - +3 ring of slaying
MPRegen  0.16/turn              N - ring of protection from fire

@: wreathed by umbra, very quick
A: very small, unfitting armour, antennae 1, see invisible, blink, cold
resistance 1, herbivore, speed 3, low mp 1, slow metabolism 2
a: Blink, Shadow Step, Renounce Religion


You were on level 10 of the Dungeon.
You worshipped Dithmenos.
Dithmenos was most pleased with you.
You were not hungry.

You visited 2 branches of the dungeon, and saw 11 of its levels.

You collected 512 gold pieces.

Inventory:

Hand Weapons
 a - a +2 dagger
 b - a +0 blowgun (weapon)
 c - a +0 dagger of protection
 d - a +1 rapier
 e - a +0 hunting sling
 v - a +2 falchion of flaming
Missiles
 f - 6 curare-tipped needles (quivered)
 B - 21 poisoned needles
 C - 297 stones
 I - 4 sling bullets
 U - 3 tomahawks
Armour
 s - a +3 buckler of protection (worn)
 A - a +2 cloak of magic resistance (worn)
 L - the +2 robe "Buda" (worn) {Str+3}
   (You found it on level 9 of the Dungeon)

   It affects your strength (+3).
Jewellery
 t - an uncursed ring of flight
 F - an uncursed ring of resist corrosion
 H - an amulet of faith (around neck)
 N - a ring of protection from fire (right hand)
 O - a +2 ring of evasion
 R - an uncursed ring of protection from cold
 S - a +3 ring of slaying (left hand)
Wands
 i - a wand of digging (21)
 y - a wand of iceblast (7)
 z - a wand of acid (4)
 M - a wand of flame (54)
Scrolls
 h - 3 scrolls of magic mapping
 j - 9 scrolls of identify
 k - 2 scrolls of immolation
 q - a scroll of blinking
 r - a scroll of enchant armour
 u - 3 scrolls of teleportation
 x - 3 scrolls of remove curse
 E - a scroll of amnesia
Potions
 l - 3 potions of heal wounds {unknown}
 m - 4 potions of curing
 n - 3 potions of flight {unknown}
 o - a potion of mutation
 p - a potion of agility
 D - a potion of brilliance
 G - 2 potions of lignification
 Q - a potion of berserk rage
 T - a potion of invisibility
Comestibles
 g - 17 rations


   Skills:
 + Level 5.5 Fighting
 + Level 8.6(8.8) Short Blades
 + Level 1.6(4.4) Long Blades
 + Level 9.2(10.5) Slings
 + Level 7.0(8.6) Throwing
 + Level 7.0 Dodging
 + Level 11.2 Stealth
 + Level 2.1 Shields
 + Level 6.1 Spellcasting
 + Level 1.0 Hexes
 + Level 0.4 Ice Magic
 + Level 0.6 Evocations


You had 16 spell levels left.
You knew the following spells:

 Your Spells              Type           Power        Failure   Level  Hunger
a - Confusing Touch       Hex            #.....       14%         1    None
b - Apportation           Tloc           #.....       22%         1    None
c - Freeze                Ice            #...         19%         1    None
d - Summon Small Mammal   Summ           #...         22%         1    None
e - Throw Frost           Conj/Ice       #.....       30%         2    #......

Your spell library contained the following spells:

 Spells                   Type           Power        Failure   Level  Hunger
 Animate Skeleton         Necr           N/A          22%         1    None
 Ozocubu's Armour         Chrm/Ice       #.......     52%         3    ###....
 Summon Ice Beast         Ice/Summ       #.......     90%         4    ####...
 Throw Icicle             Conj/Ice       #.......     90%         4    ####...


Dungeon Overview and Level Annotations

Branches:
Dungeon (10/15)            Temple (1/1) D:7
   Lair: D:8-11         Orc: D:9-12

Altars:
Ashenzari
Cheibriados
Dithmenos
Elyvilon
Fedhas
Gozag
Hepliaklqana
Kikubaaqudgha
Makhleb
Nemelex Xobeh
Okawaru
Qazlal
Ru
Sif Muna
Trog
Uskayaw
Vehumet
Wu Jian
Xom
Yredelemnul
Zin
The Shining One


Innate Abilities, Weirdness & Mutations

You are very small and have problems with some larger weapons.
You are too small for most types of armour.
You have supernaturally acute eyesight. (SInv)
You are a herbivore.
You cover ground extremely quickly.
You need to consume almost no food.
You have a pair of small antennae on your head.
You can translocate small distances at will.
Your flesh is cold resistant. (rC+)
Your magical capacity is low. (-10% MP)


Message History

The fire giant resists.
Firing (i - inventory. (/) - cycle)
K - 2 needles of sleeping (quivered)
Press: ? - help, Shift-Dir - straight line, f/p - fire giant
Aim: a fire giant, wielding a great sword of flaming (umbra)
You shoot a needle of sleeping.
The needle of sleeping hits the fire giant!
The fire giant resists.
Firing (i - inventory. (/) - cycle)
K - a needle of sleeping (quivered)
Press: ? - help, Shift-Dir - straight line, f/p - fire giant
Aim: a fire giant, wielding a great sword of flaming (umbra)
You shoot a needle of sleeping.
The needle of sleeping hits the fire giant!
The fire giant resists.
The fire giant gestures at you while chanting.
The bolt of fire hits you! You resist.
* * * LOW HITPOINT WARNING * * *
There is an open door here.
The fire giant casts a spell at you. The bolt of fire hits you! You resist.
You die...

....#####...#..C####)#
.....# #...##..#
....## ##..##..# ...##
#..###.####### #.#####
#..#.##(.....# .....>#
##.'..##(C...# #####.#
#.#...###...# #
####'#####C##
#).†@.....#
###.......# ####....#
###### ####.## ......#
####..# ####..#.#
.†......#


You could see a fire giant.

Vanquished Creatures
  A frost giant (D:10)
  Harold (D:8)
  2 centaur warriors
  A two-headed ogre (D:10)
  A skeletal warrior (D:10)
  A manticore (D:10)
  A hornet (D:10)
  A troll (D:9)
  A hippogriff (D:10)
  An acid dragon (D:8)
  An orc warrior (D:6)
  3 necrophages
  2 ice beasts
  2 sky beasts
  An eye of draining (D:10)
  2 phantoms
  5 ogres
  5 centaurs
  A gnoll sergeant (D:9)
  6 bullfrogs
  4 scorpions
  10 killer bees
  A crimson imp (D:6)
  3 howler monkeys (D:8)
  2 hounds
  A bullfrog zombie (D:9)
  2 orc priests
  2 jellies
  Crazy Yiuf (D:3)
  A centaur skeleton (D:9)
  An iguana (D:7)
  Natasha (D:4)
  7 orc wizards
  9 worker ants
  2 hound skeletons
  A worker ant zombie (D:8)
  8 gnolls
  8 adders
  2 shadow imps (D:10)
  5 oozes
  An adder zombie (D:5)
  3 adder skeletons
  4 worms
  2 dart slugs
  6 leopard geckos
  30 orcs
  3 giant cockroaches
  A goblin (D:2)
  5 hobgoblins
  8 jackals
  2 quokkas
  A ball python (D:1)
  2 bats (D:3)
  5 frilled lizards
  4 kobolds
  9 rats
196 creatures vanquished.

Vanquished Creatures (collateral kills)
  An orc wizard (D:8)
  A hound (D:8)
  A leopard gecko (D:8)
  An orc (D:8)
4 creatures vanquished.

Grand Total: 200 creatures vanquished

Notes
Turn   | Place    | Note
-------+----------+-------------------------------------------
     0 | D:1      | dvd the Spriggan Assassin began the quest for the Orb.
     0 | D:1      | Reached XP level 1. HP: 10/10 MP: 2/2
    58 | D:1      | Reached skill level 6 in Stealth
   147 | D:1      | Reached XP level 2. HP: 12/14 MP: 3/3
   811 | D:2      | Reached XP level 3. HP: 18/18 MP: 4/4
   825 | D:2      | Reached skill level 7 in Stealth
  1492 | D:2      | Reached XP level 4. HP: 23/23 MP: 5/5
  1756 | D:3      | Found a runed door.
  1938 | D:3      | Learned a level 1 spell: Confusing Touch
  1940 | D:3      | Learned a level 1 spell: Apportation
  1940 | D:3      | Noticed a moth of wrath
  1943 | D:3      | Found a bloodstained altar of Trog.
  2206 | D:3      | Noticed Crazy Yiuf
  2210 | D:3      | Killed Crazy Yiuf
  2279 | D:4      | Found a hide-covered altar of Uskayaw.
  2318 | D:4      | Reached XP level 5. HP: 17/26 MP: 6/6
  2501 | D:4      | Noticed a phantom
  3404 | D:4      | Killed a phantom
  3404 | D:4      | Reached skill level 1 in Hexes
  3506 | D:4      | Noticed Natasha
  3616 | D:4      | Reached XP level 6. HP: 29/30 MP: 7/7
  3795 | D:4      | Killed Natasha
  3979 | D:5      | Entered Level 5 of the Dungeon
  4108 | D:5      | Learned a level 1 spell: Freeze
  4173 | D:5      | Found a basalt altar of Yredelemnul.
  4559 | D:5      | Reached skill level 1 in Spellcasting
  4620 | D:5      | Reached skill level 8 in Stealth
  4670 | D:5      | Reached XP level 7. HP: 23/35 MP: 9/9
  6580 | D:6      | Reached skill level 1 in Shields
  6580 | D:6      | Reached XP level 8. HP: 39/39 MP: 13/13
  6699 | D:6      | Reached skill level 5 in Slings
  7781 | D:7      | Found a staircase to the Ecumenical Temple.
  7790 | Temple   | Entered the Ecumenical Temple
  8044 | Temple   | Became a worshipper of Dithmenos the Shadowed
  8283 | D:8      | Reached skill level 5 in Short Blades
  8568 | D:8      | Noticed Harold
  8707 | D:8      | Reached skill level 9 in Stealth
  8707 | D:8      | Reached XP level 9. HP: 45/45 MP: 16/16
  8842 | D:8      | Reached skill level 5 in Dodging
  9004 | D:8      | Found a snail-covered altar of Cheibriados.
  9153 | D:8      | Reached * piety under Dithmenos
  9217 | D:8      | Reached skill level 5 in Spellcasting
  9785 | D:7      | Learned a level 1 spell: Summon Small Mammal
  9868 | D:8      | Reached skill level 5 in Throwing
 10033 | D:8      | Killed Harold
 10358 | D:8      | Identified a scroll of acquirement
 10431 | D:9      | Noticed a troll
 10437 | D:9      | Killed a troll
 10437 | D:9      | Reached XP level 10. HP: 50/50 MP: 20/20
 10591 | D:9      | Reached ** piety under Dithmenos
 10593 | D:9      | Noticed a centaur warrior
 10618 | D:9      | Killed a centaur warrior
 10870 | D:9      | Learned a level 2 spell: Throw Frost
 11131 | D:9      | Got a wizard robe
 11142 | D:9      | Identified the +2 robe "Buda" {Str+3} (You found it on
                  | level 9 of the Dungeon)
 11300 | D:10     | Entered Level 10 of the Dungeon
 11589 | D:10     | Gained mutation: Your magical capacity is low. (-10% MP)
                  | [potion of mutation]
 11589 | D:10     | Gained mutation: Your spells are a little easier to cast,
                  | but a little less powerful. [potion of mutation]
 11589 | D:10     | Gained mutation: Your flesh is cold resistant. (rC+)
                  | [potion of mutation]
 11590 | D:10     | Lost mutation: Your magical capacity is low. (-10% MP)
                  | [potion of mutation]
 11590 | D:10     | Lost mutation: Your spells are a little easier to cast, but
                  | a little less powerful. [potion of mutation]
 11590 | D:10     | Gained mutation: You can translocate small distances at
                  | will. [potion of mutation]
 11590 | D:10     | Gained mutation: Your magical capacity is low. (-10% MP)
                  | [potion of mutation]
 11590 | D:10     | Gained mutation: You have a pair of small antennae on your
                  | head. [potion of mutation]
 11641 | D:10     | Noticed a two-headed ogre
 11641 | D:10     | Noticed a skeletal warrior
 11644 | D:10     | Killed a skeletal warrior
 11644 | D:10     | Reached skill level 5 in Fighting
 11644 | D:10     | Reached skill level 1 in Long Blades
 11644 | D:10     | Reached skill level 10 in Stealth
 11645 | D:10     | Killed a two-headed ogre
 11661 | D:10     | Noticed a manticore
 11662 | D:10     | Noticed a centaur warrior
 11663 | D:10     | Killed a manticore
 11664 | D:10     | Killed a centaur warrior
 11664 | D:10     | Reached XP level 11. HP: 55/55 MP: 19/19
 11678 | D:10     | Noticed a frost giant
 11749 | D:10     | Killed a frost giant
 11749 | D:10     | Reached *** piety under Dithmenos
 11749 | D:10     | Reached skill level 11 in Stealth
 11803 | D:10     | Noticed a fire giant
 11836 | D:10     | Killed from afar by a fire giant

Skill      XL: |  1  2  3  4  5  6  7  8  9 10 11 |
---------------+----------------------------------+-----
Stealth        | 6 7 8 9 10 11 | 11.2
Dodging        | 2 4 5 6 7 |  7.0
Fighting       | 2 3 4 5 |  5.5
Throwing       | 3 4 5 6 7 |  7.0
Slings         | 3 4 5 7 8 9 |  9.2
Hexes          | 1 |  1.0
Short Blades   | 3 4 5 7 8 |  8.6
Spellcasting   | 1 3 4 6 |  6.1
Shields        | 1 2 |  2.1
Long Blades    | 1 |  1.6
Ice Magic      | |  0.4
Evocations     | |  0.6

Action                   |  1- 3 |  4- 6 |  7- 9 | 10-12 || total
-------------------------+-------+-------+-------+-------++-------
Melee: Dagger            |   139 |   151 |   195 |    55 ||   540
       Rapier            |       |    19 |   177 |    32 ||   228
       Falchion          |       |       |       |     5 ||     5
 Fire: Blowgun           |    27 |    51 |    97 |    44 ||   219
       Hunting sling     |       |    59 |   103 |    58 ||   220
Throw: Stone             |       |       |     1 |       ||     1
 Cast: Confusing Touch   |       |     3 |     2 |       ||     5
       Freeze            |       |       |     6 |       ||     6
Evoke: Wand              |       |       |       |     4 ||     4
  Use: Scroll            |       |       |    15 |       ||    15
       Potion            |       |       |     1 |     9 ||    10
 Stab: Sleeping          |    10 |    14 |    19 |    13 ||    56
       Distracted        |       |       |     1 |       ||     1
  Eat: Ration            |       |     1 |     3 |     1 ||     5
Armor: Robe              |    19 |    23 |    59 |     4 ||   105
Dodge: Dodged            |    81 |    97 |   270 |    68 ||   516
Block: Buckler           |       |    35 |    34 |    42 ||   111
       Rpst.: Falchion   |       |       |       |     2 ||     2
